 Dungeon Crawl Stone Soup version 0.17-a0-2215-g49c1de0 (webtiles) character file.

5298 Duffy the Covert (level 10, -2/80 HPs)
             Began as a Formicid Enchanter on Oct 27, 2015.
             Was a Priest of Cheibriados.
             Slain by a yak (10 damage)
             ... on level 9 of the Dungeon.
             The game lasted 00:22:13 (12535 turns).

Duffy the Covert (Formicid Enchanter)              Turns: 12535, Time: 00:22:14

Health: -2/80      AC:  7    Str: 21    XL:     10   Next: 95%
Magic:  3/16       EV: 11    Int: 27    God:    Cheibriados [***...]
Gold:   221        SH:  0    Dex: 22    Spells: 5 memorised, 5 levels left

rFire  . . .     SeeInvis +     a - +2 dagger (venom)
rCold  + . .     Clarity  .     M - +0 ring mail
rNeg   . . .     SustAt   .     (no shield)
rPois  +         Gourm    .     (helmet unavailable)
rElec  .         Spirit   .     (no cloak)
rCorr  .         Warding  .     B - +0 pair of gloves
rMut   +         Stasis   +     O - +0 pair of boots
MR     +....                    F - amulet of resist mutation
Stlth  +++++.....               J - ring of stealth
                                y - ring of the Komtur {rPois rC+ Int+4}

@: very slow, somewhat resistant to hostile enchantments, quite stealthy
A: permanent stasis, dig shafts and tunnels, four strong arms, antennae 3
a: Dig, Shaft Self, Bend Time, Temporal Distortion, Renounce Religion


You were on level 9 of the Dungeon.
You worshipped Cheibriados.
Cheibriados was most pleased with you.
You were not hungry.

You visited 2 branches of the dungeon, and saw 10 of its levels.

You collected 350 gold pieces.
You spent 129 gold pieces at shops.


Innate Abilities, Weirdness & Mutations

You are under a permanent stasis effect.
You can dig through walls and to a lower floor.
Your four strong arms can wield two-handed weapons with a shield.
You have a pair of large antennae on your head (SInv).


   Skills:
 + Level 8.1 Fighting
 - Level 3.5(4.1) Short Blades
 + Level 3.1(3.9) Long Blades
 - Level 3.0 Armour
 - Level 5.9 Dodging
 - Level 10.2 Stealth
 - Level 4.0 Spellcasting
 - Level 9.0 Hexes


You had 5 spell levels left.
You knew the following spells:

 Your Spells              Type           Power        Failure   Level  Hunger
a - Ensorcelled Hibernat  Hex/Ice        ####..       2%          2    None
c - Confuse               Hex            ######..     1%          3    ##.....
d - Dazzling Spray        Conj/Hex       ####....     8%          3    ##.....
r - Corona                Hex            ######.      1%          1    None
t - Tukima's Dance        Hex            ######..     1%          3    ##.....

Inventory:

Hand Weapons
 a - a +2 dagger of venom (weapon)
 b - a cursed +1 battleaxe
 j - a +2 great sword
 n - a +0 morningstar
 D - a +0 blowgun
Missiles
 e - 4 javelins (quivered)
 o - 12 tomahawks
 v - 33 poisoned needles
 C - 4 curare-tipped needles
Armour
 B - a +0 pair of gloves (worn)
 M - a +0 ring mail (worn)
 O - a +0 pair of boots (worn)
Jewellery
 y - the ring of the Komtur (left hand) {rPois rC+ Int+4}

   [ring of poison resistance]

   It affects your intelligence (+4).
   It protects you from cold.
   It protects you from poison.
 F - an amulet of resist mutation (around neck)
 J - a ring of stealth (right hand)
Wands
 p - a wand of digging (3)
 r - a wand of confusion (12)
 z - a wand of paralysis (18)
 G - a wand of polymorph (14)
 K - a wand of fire (7)
Scrolls
 c - a scroll of random uselessness {unknown}
 g - a scroll of magic mapping {unknown}
 i - a scroll of amnesia {unknown}
 k - 2 scrolls of remove curse
 w - 4 scrolls of enchant armour {unknown}
Potions
 f - a potion of mutation {unknown}
 s - 2 potions of ambrosia
 u - a potion of lignification
 A - 2 potions of agility
 E - a potion of might
 I - a potion of invisibility
 Q - a potion of curing
Comestibles
 d - 8 bread rations
 h - a meat ration
 l - 9 slices of pizza
 x - 9 fruits
 L - 3 beef jerkies

Dungeon Overview and Level Annotations

Branches:
Dungeon (9/15)             Temple (1/1) D:6
   Lair: D:8-11         Orc: D:9-12

Altars:
Cheibriados
Dithmenos
Elyvilon
Fedhas
Gozag
Kikubaaqudgha
Makhleb
Nemelex Xobeh
Okawaru
Qazlal
Ru
Trog
Vehumet
Xom
Yredelemnul
Zin

Shops:
D:4 *   D:7 [


Message History

Cheibriados thoroughly appreciates the change of pace.
Your Fighting skill increases to level 8!
Your Long Blades skill increases to level 3!
The crocodile misses you.
Cast which spell? (? or * to list)
Aiming: Ensorcelled Hibernation
Press: ? - help, Shift-Dir - straight line, f - crocodile
Aim: a crocodile (chance to defeat MR: 58%)
The crocodile resists with significant effort.
The crocodile bites you!
Cast which spell? (? or * to list)
Aiming: Ensorcelled Hibernation
Press: ? - help, Shift-Dir - straight line, f/p - crocodile
Aim: a crocodile (chance to defeat MR: 58%)
The crocodile looks drowsy...
The helpless crocodile fails to defend itself.
You skewer the crocodile like a kebab!!!
You kill the crocodile!
Cheibriados thoroughly appreciates the change of pace.
You hit the yak.
The yak is poisoned.
The yak is lightly wounded.
You hit the yak.
The yak is lightly wounded.
The yak gores you! The yak gores you but does no damage.
You hit the yak.
The yak is lightly wounded.
The yak misses you. x2
The yak gores you. The yak gores you! The yak closely misses you.
The yak gores you. The yak closely misses you. x2
The yak misses you. The yak closely misses you. The yak gores you!
There is a stone staircase leading up here.
The yak gores you! The yak barely misses you. The yak gores you!
You die...

#.................
+.................
#.................
#.[...............
.##+###.........).....<.
.................#####+##
...........)....††....?..
...........YY....#.......
...........@Y....#.......
.................#+##..##
##+#######+##+#..... .#
+.....# .. #..)..# .
#.....# #.....#


You could see 3 yaks.

Action                   |  1- 3 |  4- 6 |  7- 9 | 10-12 || total
-------------------------+-------+-------+-------+-------++-------
Melee: Dagger            |   128 |   187 |   355 |   144 ||   814
Throw: Javelin           |       |       |     1 |     5 ||     6
 Cast: Ensorcelled Hiber |     3 |    26 |    62 |    39 ||   130
       Confuse           |       |     2 |    18 |    44 ||    64
 Abil: Dig               |     5 |     5 |     6 |       ||    16
  Use: Scroll            |       |       |       |    10 ||    10
 Stab: Sleeping          |     4 |    18 |    40 |    28 ||    90
       Distracted        |       |     1 |       |       ||     1
       Confused          |       |       |    11 |    20 ||    31
  Eat: Chunk             |     2 |    12 |    22 |     5 ||    41
       Beef jerky        |       |     1 |       |       ||     1

Notes
Turn   | Place    | Note
--------------------------------------------------------------
     0 | D:1      | Duffy the Formicid Enchanter began the quest for the Orb.
     0 | D:1      | Reached XP level 1. HP: 13/13 MP: 3/3
   171 | D:1      | Reached XP level 2. HP: 10/19 MP: 5/5
   179 | D:1      | Reached skill level 4 in Stealth
   185 | D:1      | Learned a level 2 spell: Ensorcelled Hibernation
   633 | D:1      | Reached skill level 2 in Short Blades
   669 | D:1      | Reached XP level 3. HP: 20/24 MP: 6/6
   807 | D:1      | Learned a level 3 spell: Confuse
  1391 | D:2      | Reached XP level 4. HP: 10/30 MP: 0/7
  1687 | D:2      | Reached skill level 5 in Stealth
  2009 | D:2      | Reached skill level 3 in Short Blades
  2098 | D:2      | Noticed Natasha
  2111 | D:2      | Killed Natasha
  2111 | D:2      | Reached XP level 5. HP: 21/35 MP: 8/8
  2418 | D:2      | Noticed Natasha
  2435 | D:2      | Killed Natasha
  2743 | D:2      | Noticed Natasha
  2771 | D:2      | Killed Natasha
  2913 | D:2      | Found a burning altar of Makhleb.
  2915 | D:2      | Found a basalt altar of Yredelemnul.
  2917 | D:2      | Found a sacrificial altar of Ru.
  3293 | D:3      | Found a shimmering altar of Xom.
  3693 | D:3      | Reached skill level 6 in Stealth
  3827 | D:3      | Reached skill level 4 in Hexes
  3827 | D:3      | Reached XP level 6. HP: 36/41 MP: 6/9
  4386 | D:3      | Learned a level 3 spell: Tukima's Dance
  4509 | D:4      | Reached skill level 5 in Hexes
  4616 | D:4      | Reached skill level 7 in Stealth
  4622 | D:4      | Reached XP level 7. HP: 20/46 MP: 3/10
  4933 | D:4      | Got a heavily runed tin ring
  4934 | D:4      | Identified the ring of the Komtur {rPois rC+ Int+4} (You found it on level 4 of the Dungeon)
  5259 | D:4      | Found Nofanges's Serpentskin Sales.
  5259 | D:4      | Noticed a water moccasin
  5270 | D:4      | Killed a water moccasin
  5270 | D:4      | Reached skill level 3 in Spellcasting
  5565 | D:4      | Bought 4 curare-tipped needles for 33 gold pieces
  5565 | D:4      | Bought a +0 blowgun for 35 gold pieces
  5565 | D:4      | Bought 11 poisoned needles for 61 gold pieces
  5642 | D:4      | Reached skill level 6 in Hexes
  5933 | D:4      | Noticed Eustachio
  5978 | D:4      | Killed Eustachio
  5978 | D:4      | Reached skill level 4 in Spellcasting
  5978 | D:4      | Reached XP level 8. HP: 37/52 MP: 10/14
  6194 | D:5      | Entered Level 5 of the Dungeon
  6290 | D:5      | Reached skill level 7 in Hexes
  6931 | D:5      | Learned a level 3 spell: Dazzling Spray
  7168 | D:5      | Reached skill level 8 in Hexes
  7258 | D:5      | Reached skill level 1 in Fighting
  7412 | D:5      | Reached skill level 2 in Fighting
  7989 | D:6      | Reached skill level 3 in Fighting
  8101 | D:6      | Reached skill level 4 in Fighting
  8168 | D:6      | Reached skill level 5 in Fighting
  8245 | D:6      | Reached XP level 9. HP: 66/69 MP: 8/15
  8378 | D:6      | Reached skill level 6 in Fighting
  8390 | D:6      | Found a stormy altar of Qazlal.
  8391 | D:6      | Found a white marble altar of Elyvilon.
  8477 | D:6      | Noticed Grinder
  8512 | D:6      | Killed Grinder
  8512 | D:6      | Reached skill level 9 in Hexes
  8697 | D:6      | Found a staircase to the Ecumenical Temple.
  8759 | D:6      | Found a shadowy altar of Dithmenos.
  8810 | Temple   | Entered the Ecumenical Temple
  9113 | Temple   | Became a worshipper of Cheibriados the Contemplative
  9246 | D:6      | Reached skill level 2 in Dodging
  9521 | D:7      | Found Keoschaet's Armour Emporium.
  9575 | D:7      | Reached skill level 3 in Dodging
  9812 | D:6      | Reached skill level 4 in Dodging
  9877 | D:6      | Reached * piety under Cheibriados
  9996 | D:7      | Reached skill level 5 in Dodging
 10339 | D:7      | Reached skill level 8 in Stealth
 10339 | D:7      | Reached XP level 10. HP: 69/77 MP: 9/16
 10493 | D:7      | Found a glowing silver altar of Zin.
 10493 | D:7      | Found an opulent altar of Gozag.
 10697 | D:6      | Reached ** piety under Cheibriados
 10784 | D:6      | Reached skill level 9 in Stealth
 11037 | D:7      | Found a glowing silver altar of Zin.
 11207 | D:7      | Reached skill level 10 in Stealth
 11387 | D:8      | Found an ancient bone altar of Kikubaaqudgha.
 11477 | D:8      | Reached skill level 1 in Armour
 11613 | D:7      | Reached skill level 2 in Armour
 11725 | D:8      | Reached *** piety under Cheibriados
 11765 | D:8      | Reached skill level 7 in Fighting
 12095 | D:8      | Reached skill level 3 in Armour
 12250 | D:9      | Reached skill level 1 in Long Blades
 12408 | D:8      | Reached skill level 2 in Long Blades
 12523 | D:9      | Reached skill level 8 in Fighting
 12523 | D:9      | Reached skill level 3 in Long Blades
 12535 | D:9      | Slain by a yak

Vault maps used:
D:1:      ldierk_walled_garden_2, lemuel_old_faithful
D:2:      grunt_temple_overflow_diamond, uniq_natasha
D:3:      lemuel_crystal_altar
D:4:      minmay_misc_feat_roman, guppyfry_shop_venom, uniq_eustachio
D:5:      first_bread, hangedman_abyss_or_decor_jellyfish_corner,
          kennysheep_generic_room_11
D:6:      kennysheep_little_box, minitemple, minmay_temple_entry_trees,
          uniq_grinder
D:7:      grunt_temple_overflow_gold_and_silver, basic_altar, serial_shops,
          nicolae_shop_trees, grunt_livestock, hangedman_abyss_or_decor_stagger,
          minmay_fire_ice_demons
D:8:      kennysheep_mini_moat, grunt_lair_entry_elf_guard_hut
D:9:      nicolae_tso_carved_into_rock, cheibrodos_ashenzari_chains,
          old_standard_altar, serial_shops, shop
Temple:   hc_temple_tempest_star

Vanquished Creatures
  Grinder
  A two-headed ogre
  4 yaks
  A human Eustachio
  A hungry ghost
  A hippogriff
  A water moccasin
  A sky beast
  An orc warrior
  3 ice beasts
  2 ogres
  3 phantoms
  A necrophage
  A black bear
  2 crocodiles
  2 centaurs
  4 giant frogs
  3 scorpions
  A water moccasin zombie
  14 wights
  2 crimson imps
  A giant frog zombie
  2 orc priests
  A centaur skeleton
  6 hounds
  5 orc wizards
  A giant frog skeleton
  2 iguanas
  Natasha (thrice)
  5 worker ants
  4 sheep
  A hound zombie
  3 hound skeletons
  13 gnolls
  3 river rats
  4 shadow imps
  15 adders
  A white imp
  An ooze
  2 adder skeletons
  3 worms
  8 giant geckos
  21 orcs
  4 giant cockroaches
  7 hobgoblins
  15 jackals
  A ball python
  13 bats
  A giant cockroach zombie
  7 giant newts
  7 goblins
  9 kobolds
  5 quokkas
  17 rats
  A fungus
  A plant
  4 toadstools
248 creatures vanquished.
